 Dungeon Crawl Stone Soup version 0.19.5 (webtiles) character file.

647 wolfsongas the Basher (level 7, -2/57 HPs)
             Began as a Minotaur Fighter on May 5, 2017.
             Was a Believer of Okawaru.
             Shot with an arrow by a centaur (7 damage)
             ... on level 5 of the Dungeon.
             The game lasted 00:08:52 (2928 turns).

wolfsongas the Basher (Minotaur Fighter)            Turns: 2928, Time: 00:08:53

Health: -2/57      AC:  8    Str: 26    XL:     7   Next: 27%
Magic:  6/6        EV: 10    Int:  5    God:    Okawaru [**....]
Gold:   182        SH:  0    Dex: 11    Spells: 0 memorised, 6 levels left

rFire  . . .     SeeInvis .     a - +0 flail
rCold  . . .     Gourm    .     b - +0 scale mail
rNeg   . . .     Faith    .     (no shield)
rPois  .         Spirit   .     (helmet unavailable)
rElec  .         Reflect  .     (no cloak)
rCorr  .         Harm     .     g - +0 pair of gloves
MR     .....     Clarity  +     (no boots)
Stlth  .......... Rnd*Tele +    (no amulet)
                                (no ring)
                                (no ring)

@: mighty
A: retaliatory headbutt, horns 3, clarity, teleportitis 1
a: Heroism, Renounce Religion


You were on level 5 of the Dungeon.
You worshipped Okawaru.
Okawaru was pleased with you.
You were completely stuffed.

You visited 1 branch of the dungeon, and saw 5 of its levels.

You collected 182 gold pieces.

Inventory:

Hand Weapons
 a - a +0 flail (weapon)
 l - a +0 falchion of protection
Armour
 b - a +0 scale mail (worn)
 c - a +0 shield
 g - a +0 pair of gloves (worn)
Wands
 m - a wand of confusion (28/48)
Scrolls
 f - 6 scrolls of teleportation
 i - 2 scrolls of recharging
 k - a scroll of remove curse
 r - a scroll of identify
Potions
 h - 2 potions of cancellation
 p - a potion of cure mutation {unknown}
 s - a potion of flight
Books
 j - a book of Minor Magic

   Spells                             Type                      Level
   a - Magic Dart                     Conjuration                  1
   b - Blink                          Translocation                2
   c - Call Imp                       Summoning                    2
   d - Repel Missiles                 Charms/Air                   2
   e - Slow                           Hexes                        2
   f - Conjure Flame                  Conjuration/Fire             3
   g - Mephitic Cloud                 Conjuration/Poison/Air       3


   Skills:
 - Level 3.6 Fighting
 * Level 5.3 Long Blades
 + Level 8.0 Maces & Flails
 - Level 3.6 Armour
 - Level 3.6 Shields


You had 6 spell levels left.
You didn't know any spells.

Dungeon Overview and Level Annotations

Branches:
Dungeon (5/15)             Temple (0/1) D:4

Altars:
Okawaru


Innate Abilities, Weirdness & Mutations

You reflexively headbutt those who attack you in melee.
You have a pair of large horns on your head.
You possess an exceptional clarity of mind.
You are occasionally teleported next to monsters.


Message History

Okawaru accepts your kill. The orc hits you with a morningstar!
* * * LOW HITPOINT WARNING * * *
The orc hits you but does no damage.
You hit the orc. You headbutt the orc.
You kill the orc!
Okawaru accepts your kill. The orc hits you with a morningstar.
* * * LOW HITPOINT WARNING * * *
You sock the orc!
You kill the orc!
Okawaru accepts your kill.
You start resting.
A centaur comes into view.
It was a potion of mutation.
You feel extremely strange. The horns on your head grow some more.
Your thoughts seem clearer.
You feel weirdly uncertain.
The centaur shouts!
The centaur wields a shortbow.
The centaur shoots an arrow.
The arrow hits you!
You die...

#. ....... ####.#c#.....
...........# ...........
...#########..........
......<.............####
...####...#### #))>.....
###..# #@.......
##.#####))......
#.....†).......
########.............
.........####........
########## #........
#........ #........
#########


You could see a centaur.

Vanquished Creatures
  2 bullfrogs (D:4)
  2 howler monkeys
  2 centaur zombies (D:5)
  2 jellies (D:5)
  Ijyb (D:3)
  A worker ant (D:4)
  2 orc wizards
  7 gnolls
  4 adders
  2 oozes
  A worm (D:5)
  4 dart slugs
  A leopard gecko (D:3)
  9 orcs
  2 ball pythons (D:2)
  10 bats
  3 giant cockroaches
  8 goblins
  8 hobgoblins
  4 jackals (D:2)
  2 quokkas
  8 frilled lizards
  A jackal skeleton (D:4)
  9 kobolds
  3 rats
98 creatures vanquished.

Notes
Turn   | Place    | Note
-------+----------+-------------------------------------------
     0 | D:1      | wolfsongas the Minotaur Fighter began the quest for the Orb.
     0 | D:1      | Reached XP level 1. HP: 19/19 MP: 0/0
   164 | D:1      | Reached skill level 3 in Maces & Flails
   232 | D:1      | Reached XP level 2. HP: 23/26 MP: 1/1
   354 | D:1      | Reached skill level 4 in Maces & Flails
   470 | D:1      | Reached XP level 3. HP: 21/31 MP: 2/2
   852 | D:2      | Found a faded altar of an unknown god.
   862 | D:2      | Became a worshipper of Warmaster Okawaru
   862 | D:2      | Reached * piety under Okawaru
  1178 | D:2      | Reached skill level 5 in Maces & Flails
  1181 | D:2      | Reached XP level 4. HP: 31/39 MP: 3/3
  1833 | D:3      | Reached skill level 6 in Maces & Flails
  1935 | D:3      | Reached XP level 5. HP: 38/45 MP: 4/4
  1936 | D:3      | Noticed Ijyb
  1940 | D:3      | Killed Ijyb
  1940 | D:3      | Reached skill level 7 in Maces & Flails
  2098 | D:3      | Reached skill level 1 in Long Blades
  2397 | D:4      | Reached ** piety under Okawaru
  2520 | D:4      | Reached XP level 6. HP: 47/51 MP: 5/5
  2593 | D:4      | Found a staircase to the Ecumenical Temple.
  2872 | D:5      | Entered Level 5 of the Dungeon
  2900 | D:5      | Reached XP level 7. HP: 25/57 MP: 6/6
  2911 | D:5      | Reached skill level 5 in Long Blades
  2911 | D:5      | Reached skill level 8 in Maces & Flails
  2916 | D:5      | HP: 2/57 [orc/morningstar (6)]
  2928 | D:5      | Gained mutation: You have a pair of large horns on your head. [potion of mutation]
  2928 | D:5      | Gained mutation: You possess an exceptional clarity of mind. [potion of mutation]
  2928 | D:5      | Gained mutation: You are occasionally teleported next to monsters. [potion of mutation]
  2928 | D:5      | Shot with an arrow by a centaur

Skill      XL: |  1  2  3  4  5  6  7 |
---------------+----------------------+-----
Maces & Flails | 3 4 5 6 7 8 |  8.0
Long Blades    | 2 4 5 |  5.3
Fighting       | |  3.6
Armour         | |  3.6
Shields        | |  3.6

Action                   |  1- 3 |  4- 6 |  7- 9 || total
-------------------------+-------+-------+-------++-------
Melee: Flail             |    98 |   124 |    14 ||   236
       Headbutt          |     8 |    18 |     3 ||    29
  Use: Scroll            |     5 |     5 |       ||    10
       Potion            |       |    10 |     1 ||    11
  Eat: Bread ration      |     1 |     1 |       ||     2
       Beef jerky        |       |     1 |       ||     1
       Meat ration       |       |     1 |       ||     1
Armor: Scale mail        |    60 |    46 |     8 ||   114
Dodge: Dodged            |    38 |    50 |    15 ||   103
Block: Shield            |    61 |    28 |       ||    89
